 Dungeon Crawl Stone Soup version 0.29-a0-321-gf1c400731a (webtiles) character file.

Game seed: 8557584238818193169

6870 sammy202020 the Fighter (level 10, -2/83 HPs)
             Began as a Demonspawn Berserker on Apr 5, 2022.
             Was an Elder of Trog.
             Killed by the air
             ... invoked by Gastronok
              (18 damage)
             ... on level 9 of the Dungeon.
             The game lasted 00:15:37 (9771 turns).

sammy202020 the Fighter (Demonspawn Berserker)      Turns: 9771, Time: 00:15:37

Health: -2/83      AC: 15    Str: 19    XL:     10   Next: 78%
Magic:  0/10       EV:  9    Int: 11    God:    Trog [****..]
Gold:   371        SH:  0    Dex: 13    Spells: 9/9 levels left

rFire   + . .      SeeInvis .   A - +1 war axe
rCold   + . .      Faith    +   (no shield)
rNeg    . . .      Spirit   +   i - +1 plate armour
rPois   .          Reflect  .   (no helmet)
rElec   .          Harm     .   C - scarf {rC+ rF+}
rCorr   .          Rampage  .   (no gloves)
Will    +....                   z - +0 pair of boots
Stlth   ..........              g - amulet of faith
HPRegen 0.23/turn               y - ring of willpower
MPRegen 0.24/turn               (no ring)

@: no status effects
A: repulsion field 2, spiny 2, magic shield, magic regeneration, demonic touch 2
a: Renounce Religion, Berserk, Trog's Hand, Brothers in Arms


You were on level 9 of the Dungeon.
You worshipped Trog.
Trog was greatly pleased with you.
You visited 1 branch of the dungeon, and saw 9 of its levels.

You collected 532 gold pieces.
You spent 161 gold pieces at shops.

Inventory:

Hand Weapons
 a - a +0 hand axe
 c - a +0 flail
 s - a +0 arbalest
 A - a +1 war axe (weapon)
Missiles
 l - 2 throwing nets (quivered)
 q - 20 poisoned darts
 v - 6 javelins
Armour
 i - a +1 plate armour (worn)
 z - a +0 pair of boots (worn)
 C - a scarf of resistance (worn)
 E - the +3 chain mail of Usoa {*Corrode rElec Str+5}
   (You found it on level 9 of the Dungeon)

   Str:       It affects your strength (+5).
   rElec:     It insulates you from electricity.
   *Corrode:  It may corrode you when you take damage.
Jewellery
 g - an amulet of faith (around neck)
 y - a ring of willpower (left hand)
Wands
 k - a wand of polymorph (17)
 G - a wand of paralysis (4)
Scrolls
 d - 3 scrolls of vulnerability
 e - 7 scrolls of teleportation
 r - a scroll of fog
 t - a scroll of immolation
 x - 2 scrolls of blinking
 B - a scroll of magic mapping
 F - a scroll of identify
Potions
 b - a potion of lignification
 f - a potion of curing
 h - 4 potions of haste
 j - 3 potions of attraction
 m - 2 potions of invisibility
 n - 2 potions of resistance
 o - a potion of heal wounds {unknown}
 p - 2 potions of flight
 u - 2 potions of brilliance
 w - 2 potions of magic
 D - a potion of might


   Skills:
 * Level 9.6 Fighting
 * Level 8.8 Axes
 + Level 6.1 Armour
 - Level 1.7 Dodging
 * Level 7.6 Unarmed Combat


You had 9 spell levels left.
You didn't know any spells.
Your spell library was empty.

Dungeon Overview and Level Annotations

Branches:
Dungeon (9/15)             Temple (0/1) D:5
   Lair: D:8-11         Orc: D:9-12

Altars:
Fedhas

Shops:
D:2 !   D:6 *

Annotations:
D:7 2 transporters, croobank's ghost, novice HOFi
D:9 Gastronok


Innate Abilities, Weirdness & Mutations

You are surrounded by a moderate repulsion field. (EV +3)
You are mostly covered in sharp spines.
When hurt, damage is shared between your health and your magic reserves.
You regenerate magic rapidly.
Your touch may inflict irresistible damage on your foes.


Message History

The black bear claws you but does no damage. x2
The black bear is struck by your spines.
You kill the black bear!
Trog accepts your kill.
You see here a black bear corpse.
You start resting.
You feel yourself speed up.
You start resting.
You recover from your berserk rage.
You start resting.
A scorpion comes into view.
A scorpion is nearby!
A scorpion is nearby!
A scorpion is nearby!
A scorpion is nearby!
A scorpion is nearby!
A scorpion is nearby!
A scorpion is nearby!
A scorpion is nearby!
The scorpion is struck by your spines. The scorpion stings you.
* * * LOW HITPOINT WARNING * * *
The scorpion is struck by your spines.
The scorpion stings you but does no damage.
The scorpion barely misses you.
The scorpion stings you but does no damage.
The scorpion is struck by your spines.
You kill the scorpion!
Trog accepts your kill.
Unknown command.
You start resting.
Gastronok the Ponderous comes into view.
Gastronok is nearby!
You feel better.
Gastronok waves his eye-stalks in wide circles.
The air twists around and strikes you!!
* * * LOW HITPOINT WARNING * * *
Unknown command.
Gastronok waves his eye-stalks in wide circles.
The air twists around and strikes you!!
You die...

......................†..w#
...)...................w..#
..........................##.
...........................##
......)..................#...
..................#...#..#...
..................†#..##.# ##
..................#.#.####
##..#.#.........@..#...#
#.####.##......##.##.## .#
###...#...#.##### ##
##########


You could see Gastronok.

Vanquished Creatures
  2 two-headed ogres (D:9)
  5 slime creatures (D:9)
  Grinder (D:5)
  A hornet (D:7)
  6 yaks
  A steam dragon (D:9)
  Edmund (D:5)
  A water moccasin (D:6)
  An orc warrior (D:8)
  2 black bears (D:9)
  An ice beast (D:6)
  2 sky beasts
  An ogre (D:6)
  3 centaurs
  A kobold brigand (D:7)
  3 bullfrogs
  2 necrophages
  4 scorpions
  9 killer bees
  A howler monkey (D:8)
  3 hounds
  6 jellies
  7 orc priests
  A gnoll shaman (D:6)
  3 iguanas
  15 orc wizards
  8 gnolls
  6 adders
  A shadow imp (D:7)
  A white imp (D:7)
  2 worms
  A dart slug (D:4)
  23 orcs
  5 bats
  8 endoplasms
  7 giant cockroaches
  7 goblins
  9 hobgoblins
  3 jackals (D:5)
  4 quokkas
  7 ball pythons
  A frilled lizard (D:2)
  14 kobolds
  8 rats
198 creatures vanquished.

Vanquished Creatures (others)
  9 fungi
  8 plants
17 creatures vanquished.

Grand Total: 215 creatures vanquished

Notes
Turn   | Place    | Note
-------+----------+-------------------------------------------
     0 | D:1      | sammy202020 the Demonspawn Berserker began the quest for
                  | the Orb.
     0 | D:1      | Reached XP level 1. HP: 18/18 MP: 1/1
   544 | D:1      | Gained mutation: You are surrounded by a mild repulsion
                  | field. (EV +2) [demonic ancestry]
   544 | D:1      | Reached XP level 2. HP: 24/24 MP: 2/2
   944 | D:1      | Gained mutation: You are partially covered in sharp spines.
                  | [demonic ancestry]
   944 | D:1      | Reached XP level 3. HP: 9/29 MP: 3/3
  1264 | D:1      | Reached ** piety under Trog
  1797 | D:2      | Found Xutoc's Distillery.
  2463 | D:2      | Found a faded altar of an unknown god.
  2646 | D:3      | Gained mutation: You regenerate magic rapidly. [demonic
                  | ancestry]
  2646 | D:3      | Reached XP level 4. HP: 20/37 MP: 4/4
  2652 | D:3      | Reached skill level 4 in Fighting
  3141 | D:4      | Gained mutation: Your touch may inflict minor irresistible
                  | damage on your foes. [demonic ancestry]
  3141 | D:4      | Reached XP level 5. HP: 27/42 MP: 5/5
  3317 | D:4      | Reached skill level 1 in Unarmed Combat
  3424 | D:4      | Reached *** piety under Trog
  3434 | D:4      | Gained mutation: Your touch may inflict irresistible damage
                  | on your foes. [demonic ancestry]
  3434 | D:4      | Reached XP level 6. HP: 39/48 MP: 6/6
  3816 | D:5      | Entered Level 5 of the Dungeon
  3823 | D:5      | Reached skill level 5 in Fighting
  4047 | D:5      | Gained mutation: You are mostly covered in sharp spines.
                  | [demonic ancestry]
  4047 | D:5      | Reached XP level 7. HP: 50/56 MP: 7/7
  4085 | D:5      | Noticed Edmund
  4102 | D:5      | Killed Edmund
  4103 | D:5      | Reached skill level 5 in Axes
  4551 | D:5      | Found a staircase to the Ecumenical Temple.
  4605 | D:5      | Noticed Grinder
  4618 | D:5      | Paralysed by Grinder for 3 turns
  4623 | D:5      | Killed Grinder
  4623 | D:5      | Reached **** piety under Trog
  4624 | D:5      | Reached skill level 6 in Fighting
  4624 | D:5      | Reached XP level 8. HP: 46/64 MP: 8/8
  5247 | D:6      | Found Zoesaiwe's General Store.
  5250 | D:6      | Bought a scroll of identify for 28 gold pieces
  5250 | D:6      | Bought a scroll of identify for 28 gold pieces
  5250 | D:6      | Bought a scroll of enchant weapon for 105 gold pieces
  5402 | D:6      | Found a blossoming altar of Fedhas.
  5821 | D:6      | Reached skill level 7 in Fighting
  5936 | D:6      | Found a glowing drain.
  6137 | D:6      | Reached skill level 5 in Unarmed Combat
  6137 | D:6      | Gained mutation: You are surrounded by a moderate repulsion
                  | field. (EV +3) [demonic ancestry]
  6137 | D:6      | Reached XP level 9. HP: 72/72 MP: 9/9
  6414 | D:7      | Noticed croobank's ghost (novice HOFi)
  6420 | D:7      | Noticed a red ugly thing
  6904 | D:7      | Found a transporter.
  6917 | D:7      | Found a transporter.
  6974 | D:7      | Reached skill level 5 in Armour
  6984 | D:7      | Reached skill level 8 in Fighting
  8463 | D:8      | Reached ***** piety under Trog
  8785 | D:8      | Gained mutation: When hurt, damage is shared between your
                  | health and your magic reserves. [demonic ancestry]
  8785 | D:8      | Reached XP level 10. HP: 63/82 MP: 10/10
  8985 | D:9      | Identified the +3 chain mail of Usoa {*Corrode rElec Str+5}
  9085 | D:9      | Noticed a two-headed ogre
  9098 | D:9      | Killed a two-headed ogre
  9106 | D:9      | Reached skill level 9 in Fighting
  9109 | D:9      | HP: 2/124 [slime creature (8)]
  9686 | D:9      | Noticed a two-headed ogre
  9694 | D:9      | Killed a two-headed ogre
  9763 | D:9      | Noticed Gastronok
  9771 | D:9      | Killed from afar by Gastronok

Illustrated notes

Levels and vault maps discovered:
D:1:      dpeg_cavernosity, layout_loops_ring
D:2:      layout_basic, hellmonk_ecumenical_altar_lost_god, serial_shops,
          nicolae_shop_advertising_works [nicolae_subvault_shop_adworks]
D:3:      layout_loops_ring, nicolae_grassy_gnolls, uniq_robin
D:4:      layout_cave_pools, serial_shops, shop_scrolls
D:5:      layout_basic, minmay_temple_entry_hall,
          chequers_serial_rivers_micro_c, saegor_snake_ambush, uniq_edmund,
          uniq_grinder
D:6:      layout_rooms, amcnicky_altar_gilded, gup_sewer_entry_glass,
          serial_shops, nicolae_stop_n_shop_1
D:7:      layout_basic, nzn_ghost_randoct, grunt_ministairs_10
D:8:      layout_gridville, skrybe_limestone_x
D:9:      layout_big_octagon, grunt_lair_entry_orc_guard_hut,
          gammafunk_ghost_hydra_chop, st_stairs_5, uniq_gastronok

Skill      XL: |  1  2  3  4  5  6  7  8  9 10 |
---------------+-------------------------------+-----
Axes           | 3 4 5 6 7 8 |  8.8
Armour         | 2 3 4 5 6 |  6.1
Fighting       | 4 5 6 7 8 9 |  9.6
Unarmed Combat | 1 2 3 5 6 7 |  7.6
Dodging        | |  1.7

Action                   |  1- 3 |  4- 6 |  7- 9 | 10-12 || total
-------------------------+-------+-------+-------+-------++-------
Melee: Hand axe          |   136 |    90 |    97 |       ||   323
       Touch             |       |    13 |    37 |     8 ||    58
       Punch             |       |       |     7 |     1 ||     8
       War axe           |       |       |    99 |    33 ||   132
Invok: Trog's Hand       |     1 |       |     3 |     2 ||     6
       Berserk           |       |     1 |     4 |     2 ||     7
  Use: Scroll            |     2 |     6 |    13 |       ||    21
       Potion            |       |       |       |     1 ||     1
Armor: Animal skin       |    17 |       |       |       ||    17
       Plate armour      |    19 |    58 |   136 |    27 ||   240
Dodge: Dodged            |    80 |    30 |    75 |    17 ||   202
Block: Buckler           |     8 |     2 |       |       ||    10

Table legend: (Time is in decaauts)
 A = Elapsed time spent in this place.
 B = Non-inter-level travel time spent in this place.
 C = Inter-level travel time spent in this place.
 D = Time resting spent in this place.
 E = Time spent auto-exploring this place.
 F = Levels seen in this place.
 G = Mean time per level.
                   A        B        C        D        E       F      G
               +--------+--------+--------+--------+--------+-----+--------+
         Total |   9915 |   9722 |    193 |    951 |   7205 |   9 | 1101.7 |
       Dungeon |   9915 |   9722 |    193 |    951 |   7205 |   9 | 1101.7 |
               +--------+--------+--------+--------+--------+-----+--------+

Top non-repeatable levels by time:
     D:1: 1659 daAuts
     D:5: 1475 daAuts
     D:8: 1378 daAuts
     D:7: 1373 daAuts
     D:6: 1003 daAuts
     D:2: 985 daAuts
     D:9: 828 daAuts
     D:4: 721 daAuts
     D:3: 489 daAuts
